 Dungeon Crawl Stone Soup version 0.19-a0-1341-g3513869 (webtiles) character file.

50 JustSomeDude the Skirmisher (level 3, -1/29 HPs)
             Began as a Demonspawn Fighter on Sept 1, 2016.
             Succumbed to an adder's poison
             ... on level 3 of the Dungeon.
             The game lasted 00:01:57 (1536 turns).

JustSomeDude the Skirmisher (Demonspawn Fighter)    Turns: 1536, Time: 00:01:58

Health: -1/29      AC:  6    Str: 17    XL:     3   Next: 55%
Magic:  3/3        EV:  7    Int:  9    God:
Gold:   57         SH:  9    Dex: 12    Spells: 0 memorised, 2 levels left

rFire  . . .     SeeInvis .     a - +0 war axe
rCold  . . .     Gourm    .     b - +0 scale mail
rNeg   . . .     Faith    .     c - +0 shield
rPois  .         Spirit   .     (no helmet)
rElec  .         Dismiss  .     (no cloak)
rCorr  .         Reflect  .     (no gloves)
MR     .....     Harm     .     (no boots)
Stlth  ..........               (no amulet)
                                (no ring)
                                (no ring)

@: lethally poisoned (-1 -> -15)
A: hooves 1, powered by death 1
a: no special abilities


You were on level 3 of the Dungeon.
You were not hungry.

You visited 1 branch of the dungeon, and saw 3 of its levels.

You collected 57 gold pieces.

Inventory:

Hand Weapons
 a - a +0 war axe (weapon)
Armour
 b - a +0 scale mail (worn)
 c - a +0 shield (worn)
Jewellery
 l - a cursed -3 ring of intelligence {unknown}
 p - a +4 ring of evasion {unknown}
 q - a +5 ring of protection {unknown}
Scrolls
 e - 2 scrolls of enchant armour {unknown}
 g - 2 scrolls of fear {unknown}
 h - 4 scrolls of identify {unknown}
 i - a scroll of amnesia {unknown}
 j - 2 scrolls of remove curse {unknown}
 o - 3 scrolls of teleportation {unknown}
Potions
 d - a potion of might
 n - a potion of resistance {unknown}
Comestibles
 f - 4 bread rations
 m - a slice of pizza
 r - a meat ration


   Skills:
 + Level 3.4 Fighting
 + Level 2.0 Axes
 + Level 3.1 Armour
 + Level 0.8 Dodging
 + Level 3.1 Shields


You had 2 spell levels left.
You didn't know any spells.

Dungeon Overview and Level Annotations

Branches:
Dungeon (3/15)

Altars:
Cheibriados


Innate Abilities, Weirdness & Mutations

You have large cloven feet.
You regenerate a little health from kills.


Message History

You are lethally poisoned!
The adder poisons you! The adder bites you but does no damage.
You miss the adder. You kick the adder, but do no damage.
The adder is almost dead.
You feel sick. The adder barely misses you. The adder bites you.
* * * LOW HITPOINT WARNING * * *
You are more poisoned.
The adder poisons you!
You are too injured to fight recklessly!
You are too injured to fight recklessly!
You are too injured to fight recklessly!
You closely miss the adder. Your kick misses the adder.
The adder is almost dead.
* * * LOW HITPOINT WARNING * * *
You feel sick. The adder bites you.
* * * LOW HITPOINT WARNING * * *
The adder barely misses you.
You closely miss the adder. You kick the adder, but do no damage.
The adder is almost dead.
You die...

.. .# #.###.
......
####....
.$... #(S#
##@###
#####....#
#..<.(..##
.........####
....######
###


You could see an adder.

Vanquished Creatures
  A gnoll (D:1)
  2 worms (D:2)
  2 dart slugs (D:1)
  A giant gecko (D:1)
  3 bats
  2 giant cockroaches
  5 goblins
  2 hobgoblins
  3 kobolds
  3 giant newts (D:1)
  6 rats
30 creatures vanquished.

Notes
Turn   | Place    | Note
-------+----------+-------------------------------------------
     0 | D:1      | JustSomeDude the Demonspawn Fighter began the quest for the Orb.
     0 | D:1      | Reached XP level 1. HP: 18/18 MP: 1/1
   110 | D:1      | Gained mutation: You regenerate a little health from kills. [demonic ancestry]
   110 | D:1      | Reached XP level 2. HP: 24/24 MP: 2/2
   446 | D:1      | Gained mutation: You have large cloven feet. [demonic ancestry]
   446 | D:1      | Reached XP level 3. HP: 12/29 MP: 3/3
   899 | D:2      | Found a snail-covered altar of Cheibriados.
  1535 | D:3      | HP: 1/29 [adder (4)]
  1536 | D:3      | Succumbed to an adder's poison

Vault maps used:
D:1:      tarquinn_simple_flora_water_f
D:2:      nicolae_overflow_crystal_walls, hangedman_decor_push
D:3:      minmay_wonky_spiral, kiku_gazebo_pond_becter, first_bread

Skill      XL: |  1  2  3 |
---------------+----------+-----
Shields        | 3 |  3.1
Armour         | 3 |  3.1
Axes           | 2 |  2.0
Fighting       | |  3.4
Dodging        | |  0.8

Action                   || total
-------------------------++-------
Melee: War axe           ||   115
       Kick              ||    12
  Eat: Chunk             ||     2
Armor: Scale mail        ||    44
Dodge: Dodged            ||    45
Block: Shield            ||    56
